 Dungeon Crawl Stone Soup version 0.26-a0-672-g1df16c3386 (webtiles) character file.

Game seed: 3917968308765265371

76 BruhMomento the Slasher (level 4, -10/35 HPs)
             Began as a Demonspawn Berserker on Oct 19, 2020.
             Was a Believer of Trog.
             Killed by divine providence
             ... invoked by an orc priest
              (12 damage)
             ... on level 3 of the Dungeon.
             The game lasted 00:02:24 (3002 turns).

BruhMomento the Slasher (Demonspawn Berserker)      Turns: 3002, Time: 00:02:25

Health: -10/35     AC:  6    Str: 18    XL:     4   Next: 12%
Magic:  0/4        EV: 12    Int:  9    God:    Trog [**....]
Gold:   142        SH:  0    Dex: 12    Spells: 3/3 levels left

rFire    . . .     SeeInvis .   a - +1 falchion
rCold    . . .     Faith    .   (no shield)
rNeg     . . .     Spirit   +   b - +0 animal skin
rPois    .         Reflect  .   (no helmet)
rElec    .         Harm     .   f - +1 cloak
rCorr    .         Rampage  .   o - +1 pair of gloves
MR       .....     Rnd*Tele +   (no boots)
Stlth    +.........             l - amulet of guardian spirit
HPRegen  0.11/turn              h - ring of teleportation (curse)
MPRegen  0.09/turn              (no ring)

@: berserk cooldown, slowed, very slow
A: claws 1
a: Berserk, Trog's Hand, Renounce Religion


You were on level 3 of the Dungeon.
You worshipped Trog.
Trog was pleased with you.
You visited 1 branch of the dungeon, and saw 3 of its levels.

You collected 142 gold pieces.

Inventory:

Hand Weapons
 a - a +1 falchion (weapon)
 g - a +1 short sword of venom
Missiles
 k - 5 silver boomerangs (quivered)
Armour
 b - a +0 animal skin (worn)
 f - a +1 cloak (worn)
 m - a +0 plate armour
 o - a +1 pair of gloves (worn)
Jewellery
 h - a cursed ring of teleportation (left hand)
 l - an amulet of guardian spirit (around neck)
Scrolls
 c - a scroll of immolation {unknown}
 d - a scroll of identify {unknown}
Potions
 e - a potion of cancellation {unknown}
 i - a potion of curing {unknown}
 j - a potion of berserk rage {unknown}
 n - a potion of lignification {unknown}


   Skills:
 - Level 3.0 Fighting
 + Level 4.2 Long Blades
 + Level 2.2 Armour
 - Level 1.8 Dodging


You had 3 spell levels left.
You didn't know any spells.
Your spell library was empty.

Dungeon Overview and Level Annotations

Branches:
Dungeon (3/15)

Altars:
Cheibriados
Dithmenos
Gozag
Kikubaaqudgha
Wu Jian


Innate Abilities, Weirdness & Mutations

You have sharp fingernails.


Message History

The orc hits you with a +0 mace.
The orc priest calls upon Beogh to heal the orc priest.
The orc priest is healed somewhat.
Your skin stops crawling.
You feel less resistant to hostile enchantments.
The orc priest calls upon Beogh to heal the orc priest.
The orc priest's wounds heal themselves!
The orc hits you but does no damage. The adder bites you but does no damage.
The orc priest mumbles some strange prayers to Beogh against you.
Beogh smites you!
* * * LOW HITPOINT WARNING * * *
The adder bites you but does no damage. The goblin hits you with a +0 club.
* * * LOW HITPOINT WARNING * * *
The adder barely misses you.
The orc priest begins to cast a cantrip, but forgets the words!
You see here a scroll labeled ZAKYTR LUBB.
The orc priest mumbles some strange prayers to Beogh against you.
Beogh smites you!
You die...

..... ... ... ...
#.# ### #.# ... #.#
#.### #@# #...###S#
###### #o..og#####
##.....##.oooO....#
..........o.l.....#
..................#
..................#
.......$.......(..#
......!...........#


You could see an ogre, 2 orc priests, an adder, 2 orcs, a goblin and a frilled
lizard.

Vanquished Creatures
  An adder (D:3)
  An ooze (D:2)
  A worm (D:2)
  4 dart slugs
  2 leopard geckos
  A ball python (D:3)
  5 bats
  2 giant cockroaches (D:2)
  5 hobgoblins
  9 jackals
  A quokka (D:2)
  2 frilled lizards (D:2)
  3 goblins
  A kobold (D:2)
  8 rats
46 creatures vanquished.

Vanquished Creatures (others)
  5 toadstools (D:1)
5 creatures vanquished.

Grand Total: 51 creatures vanquished

Notes
Turn   | Place    | Note
-------+----------+-------------------------------------------
     0 | D:1      | BruhMomento the Demonspawn Berserker began the quest for
                  | the Orb.
     0 | D:1      | Reached XP level 1. HP: 18/18 MP: 1/1
    95 | D:1      | Reached skill level 3 in Long Blades
   349 | D:1      | Gained mutation: You have sharp fingernails. [demonic
                  | ancestry]
   349 | D:1      | Reached XP level 2. HP: 22/24 MP: 2/2
   638 | D:1      | HP: 1/36 [jackal (2)]
  1657 | D:1      | You fall into a shaft and drop 1 floor!
  1686 | D:2      | Reached XP level 3. HP: 29/29 MP: 3/3
  1773 | D:2      | Reached ** piety under Trog
  2063 | D:2      | Found an opulent altar of Gozag.
  2127 | D:2      | Found an ancient bone altar of Kikubaaqudgha.
  2296 | D:2      | Found an ornate altar of the Wu Jian Council.
  2311 | D:2      | Found a shadowy altar of Dithmenos.
  2563 | D:2      | Reached skill level 4 in Long Blades
  2603 | D:2      | Found a snail-covered altar of Cheibriados.
  2976 | D:3      | Reached XP level 4. HP: 35/35 MP: 4/4
  2993 | D:3      | Noticed an ogre
  3002 | D:3      | Killed from afar by an orc priest

Illustrated notes

Levels and vault maps discovered:
D:1:      ldierk_walled_garden, layout_loops_ring
D:2:      layout_basic, nicolae_overflow_quartered_altars,
          nicolae_overflow_crystal_walls
D:3:      layout_rooms, gammafunk_ghost_necromancy

Skill      XL: |  1  2  3 |
---------------+----------+-----
Long Blades    | 3 4 |  4.2
Armour         | 2 |  2.2
Fighting       | |  3.0
Dodging        | |  1.8

Action                   |  1- 3 |  4- 6 || total
-------------------------+-------+-------++-------
Melee: Falchion          |   123 |     4 ||   127
Invok: Berserk           |     3 |       ||     3
       Trog's Hand       |       |     1 ||     1
  Use: Scroll            |     4 |       ||     4
Armor: Animal skin       |    30 |     8 ||    38
Dodge: Dodged            |   112 |     7 ||   119
       Rpst.: Falchion   |    33 |     1 ||    34

Table legend: (Time is in decaauts)
 A = Elapsed time spent in this place.
 B = Non-inter-level travel time spent in this place.
 C = Inter-level travel time spent in this place.
 D = Time resting spent in this place.
 E = Time spent auto-exploring this place.
 F = Levels seen in this place.
 G = Mean time per level.
                   A        B        C        D        E       F      G
               +--------+--------+--------+--------+--------+-----+--------+
         Total |   3044 |   2959 |     85 |    775 |   1855 |   3 | 1014.7 |
       Dungeon |   3044 |   2959 |     85 |    775 |   1855 |   3 | 1014.7 |
               +--------+--------+--------+--------+--------+-----+--------+

Top non-repeatable levels by time:
     D:1: 1776 daAuts
     D:2: 1226 daAuts
     D:3: 41 daAuts
